 Dungeon Crawl Stone Soup version 0.24.0-123-gd5b16e6ec5 (webtiles) character file.

Game seed: 13518747464176670028, levelgen mode: deterministic

536 Curus the Cleaver (level 7, -5/85 HPs)
             Began as a Minotaur Berserker on Jan 21, 2020.
             Was an Elder of Trog.
             Blown up by Pikel (27 damage)
             ... with a disintegration bolt
             ... on level 4 of the Dungeon.
             The game lasted 00:13:58 (3061 turns).

Curus the Cleaver (Minotaur Berserker)              Turns: 3061, Time: 00:13:58

Health: -5/85      AC:  9    Str: 28    XL:     7   Next: 4%
Magic:  5/5        EV:  9    Int:  6    God:    Trog [****..]
Gold:   177        SH:  0    Dex: 10    Spells: 6/6 levels left

rFire    . . .     SeeInvis .   j - +2 flail (drain)
rCold    . . .     Gourm    .   (no shield)
rNeg     . . .     Faith    .   h - +0 chain mail
rPois    .         Spirit   .   (helmet restricted)
rElec    .         Reflect  .   (no cloak)
rCorr    .         Harm     .   (no gloves)
MR       .....                  k - +0 pair of boots (curse)
Stlth    ..........             d - amulet of regeneration
HPRegen  0.64/turn              (no ring)
MPRegen  0.09/turn              (no ring)

@: berserking, very quick
A: retaliatory headbutt, horns 2, talons 2, low mp 1, strong 1
a: Berserk, Trog's Hand, Brothers in Arms, Renounce Religion


You were on level 4 of the Dungeon.
You worshipped Trog.
Trog was greatly pleased with you.
You were very hungry.

You visited 1 branch of the dungeon, and saw 4 of its levels.
You also visited: Sewer.

You collected 177 gold pieces.

Inventory:

Hand Weapons
 a - a +1 hand axe
 j - a +2 flail of draining (weapon)
Armour
 b - a +0 animal skin
 h - a +0 chain mail (worn)
 k - a cursed +0 pair of boots (worn)
Jewellery
 d - an amulet of regeneration (around neck)
Wands
 q - a wand of flame (13)
Scrolls
 g - 4 scrolls of identify
 i - 2 scrolls of teleportation
 o - a scroll of fear
 p - 2 scrolls of magic mapping
 s - a scroll of remove curse
Potions
 e - 2 potions of heal wounds
 f - 2 potions of curing
 l - 2 potions of might
 n - 2 potions of brilliance
 r - 2 potions of ambrosia
Comestibles
 c - 10 rations
 m - 3 chunks of flesh


   Skills:
 - Level 3.6 Fighting
 - Level 11.9(12.3) Axes
 + Level 5.4(9.5) Maces & Flails
 - Level 2.4 Armour
 - Level 2.1 Dodging


You had 6 spell levels left.
You didn't know any spells.
Your spell library was empty.

Dungeon Overview and Level Annotations

Branches:
Dungeon (4/15)              Sewer (visited)
 Temple: D:4-7

Altars:
Hepliaklqana
Nemelex Xobeh

Annotations:
D:4 Pikel


Innate Abilities, Weirdness & Mutations

You reflexively headbutt those who attack you in melee.
You have a pair of horns on your head.
You have razor-sharp toenails.
Your magical capacity is low. (-10% MP)
Your muscles are strong. (Str +2)


Message History

You are feeling very hungry.
Pikel barely misses you. You furiously retaliate!
You headbutt Pikel! The slave hits you.
* * * LOW HITPOINT WARNING * * *
The slave closely misses you. You furiously retaliate!
You headbutt the slave. You hit Pikel. Your headbutt misses Pikel.
Pikel is heavily wounded.
Pikel zaps a wand.
You struggle to resist.
The slave hits you but does no damage. The slave hits you.
* * * LOW HITPOINT WARNING * * *
You miss Pikel.
Pikel is heavily wounded.
Pikel hits you but does no damage.
You closely miss Pikel. Your headbutt misses Pikel.
Pikel is heavily wounded.
The slave hits you but does no damage. x2
You completely miss Pikel.
Pikel is heavily wounded.
Pikel zaps a wand.
You are blasted!
You die...

#....### .$# #.....<# ..#
#......# ... #......# #.#
#...#[.# ###########.# #......#
# #.........#w# #...#.##.#
#####.#######.#p####.......#
#...>.......#.#p@Kp....#####
....#.#...#....######..########
#..##.#.....#.## #..)........
.........###### ###..#######
#####.#.## ##.# ......### #.#
###.#.# #รท# .# #)# ##.#


You could see Pikel, 3 slaves and a dart slug.

Vanquished Creatures
  A slave (D:4)
  An ogre (D:4)
  A scorpion (D:4)
  A howler monkey (D:4)
  2 orc priests (D:4)
  3 gnolls (D:2)
  10 adders
  A river rat (Sewer)
  3 oozes
  2 worms
  3 dart slugs
  3 leopard geckos
  10 orcs
  9 bats
  6 giant cockroaches
  8 goblins
  7 hobgoblins
  14 jackals
  4 kobolds
  5 ball pythons
  10 frilled lizards
  14 rats
118 creatures vanquished.

Notes
Turn   | Place    | Note
-------+----------+-------------------------------------------
     0 | D:1      | Curus the Minotaur Berserker began the quest for the Orb.
     0 | D:1      | Reached XP level 1. HP: 19/19 MP: 0/0
    55 | D:1      | Reached skill level 4 in Axes
    79 | D:1      | Reached XP level 2. HP: 26/26 MP: 1/1
   351 | D:1      | Reached skill level 11 in Axes
   351 | D:1      | Reached XP level 3. HP: 31/31 MP: 2/2
   793 | D:2      | Reached ** piety under Trog
   798 | D:2      | Reached XP level 4. HP: 39/39 MP: 3/3
   822 | D:2      | Found a sparkling altar of Nemelex Xobeh.
  1181 | D:2      | Reached XP level 5. HP: 45/45 MP: 4/4
  1621 | D:3      | Found a faded altar of an unknown god.
  1814 | D:3      | Reached skill level 1 in Maces & Flails
  1888 | D:3      | Found a glowing drain.
  1891 | D:3      | Reached *** piety under Trog
  1934 | Sewer    | Entered a sewer
  2560 | D:3      | Reached XP level 6. HP: 51/51 MP: 5/5
  2608 | D:3      | Gained mutation: You have sharp toenails. [potion of
                  | mutation]
  2608 | D:3      | Gained mutation: Your muscles are strong. (Str +2) [potion
                  | of mutation]
  2608 | D:3      | Gained mutation: Your magical capacity is low. (-10% MP)
                  | [potion of mutation]
  2608 | D:3      | Gained mutation: You have razor-sharp toenails. [potion of
                  | mutation]
  2879 | D:4      | Reached **** piety under Trog
  2998 | D:4      | Reached skill level 5 in Maces & Flails
  2998 | D:4      | Reached XP level 7. HP: 32/57 MP: 5/5
  3018 | D:4      | Found a hazy altar of Hepliaklqana.
  3046 | D:4      | Noticed Pikel
  3061 | D:4      | Blown up by Pikel

Levels and vault maps discovered:
D:1:      dpeg_arrival_three_same_balls, layout_basic, minmay_misc_feat_cross,
          dk_noncrumbling_4
D:2:      layout_basic, nemelex_xobeh_ov_fountains_minmay, first_ration
D:3:      layout_basic, portal_sewer_entry_b,
          chequers_ecumenical_altar_simple_redux, minmay_joined_circles
D:4:      minmay_polygon_palace, layout_basic, nicolae_gozag_zags_fifth_avenue,
          old_standard_altar, minitemple, kennysheep_opposing_triangles,
          uniq_pikel, uniq_ijyb, uniq_menkaure

Skill      XL: |  1  2  3  4  5  6 |
---------------+-------------------+-----
Axes           | 4 11 | 11.9
Maces & Flails | 2 5 |  5.4
Fighting       | |  3.6
Armour         | |  2.4
Dodging        | |  2.1

Action                   |  1- 3 |  4- 6 |  7- 9 || total
-------------------------+-------+-------+-------++-------
Melee: Hand axe          |    47 |    45 |       ||    92
       Headbutt          |     5 |    29 |     2 ||    36
       Flail             |       |   139 |    15 ||   154
Invok: Trog's Hand       |       |     1 |       ||     1
       Berserk           |       |       |     1 ||     1
Evoke: Wand              |       |     1 |       ||     1
  Use: Scroll            |     7 |     2 |       ||     9
       Potion            |     5 |     5 |       ||    10
  Eat: Chunk             |       |     7 |       ||     7
Armor: Animal skin       |     7 |     1 |       ||     8
       Chain mail        |       |    92 |     6 ||    98
Dodge: Dodged            |    25 |    83 |     6 ||   114
